[Event "Australian-ch 2018"]
[Site "Sydney"]
[Date "2018.01.03"]
[Round "1"]
[White "Xie, George Wendi"]
[Black "Willathgamuwa, Kevin"]
[Result "1/2-1/2"]
[ECO "D37"]
[WhiteElo "2369"]
[BlackElo "2113"]
[Annotator "ChessBase"]
[PlyCount "139"]
[EventDate "2018.01.02"]
[EventType "tourn"]
[EventCountry "AUS"]
[SourceTitle "playchess.com"]
[Source "ChessBase"]
[SourceQuality "1"]
[TimeControl "40/5400+30:1800+30"]

1. Nf3 d5 2. d4 Nf6 3. c4 e6 4. Nc3 Be7 5. Bf4 O-O 6. e3 b6 7. Rc1 c6 8. cxd5 cxd5 9. a3 Bb7 10. Be2 Nc6 11. h3 Rc8 12. O-O Na5 13. Nb5 Rxc1 14. Qxc1 a6 15. Bc7 Qa8 16. Nd6 Bxd6 17. Bxd6 Rc8 18. Qb1 Ne4 19. Bf4 Nb3 20. Bd3 a5 21. Rd1 Ba6 22. a4 Bxd3 23. Qxd3 Nc1 24. Qf1 Qc6 25. Ne5 Qc2 26. f3 Nd6 27. Kh2 Ne2 28. Ng6 Nf5 29. Re1 hxg6 30. Qxe2 Qxa4 31. Qa6 Qc2 32. e4 Nh4 33. Re2 Qc4 34. Qxc4 Rxc4 35. Bg5 Nxf3+ 36. gxf3 Rxd4 37. Be3 Rb4 38. exd5 exd5 39. Rd2 Rb3 40. Bd4 Rxf3 41. Bxb6 a4 42. Bc5 d4 43. Kg2 Rb3 44. Ba3 d3 45. Kf3 Kh7 46. Ke3 Kh6 47. Rf2 f5 48. Kd2 Kg5 49. Rg2+ Kh5 50. h4 f4 51. Rg5+ Kxh4 52. Rxg6 Rb7 53. Kxd3 Ra7 54. Ke4 Kh5 55. Rg1 g5 56. Bd6 Ra5 57. Be5 a3 58. b4 Ra4 59. Kf5 Kh4 60. b5 Rb4 61. Ra1 Rxb5 62. Rxa3 Rc5 63. Ra1 Kg3 64. Rg1+ Kf2 65. Rxg5 f3 66. Ke4 Ke2 67. Rf5 f2 68. Rxf2+ Kxf2 69. Bd4+ Ke2 70. Bxc5 1/2-1/2

[Event "Australian-ch 2018"]
[Site "Sydney"]
[Date "2018.01.03"]
[Round "1"]
[White "Reilly, Tim"]
[Black "Illingworth, Max"]
[Result "0-1"]
[ECO "E48"]
[WhiteElo "2169"]
[BlackElo "2494"]
[Annotator "RC"]
[PlyCount "62"]
[EventDate "2018.01.02"]
[EventType "tourn"]
[EventCountry "AUS"]
[SourceTitle "playchess.com"]
[Source "ChessBase"]
[SourceQuality "1"]
[TimeControl "40/5400+30:1800+30"]

1. d4 Nf6 2. c4 e6 3. Nc3 Bb4 4. e3 O-O 5. Bd3 d5 6. cxd5 exd5 7. Nge2 Re8 8. Bd2 Bd6 9. Rc1 a6 10. Qb3 c6 11. O-O Nbd7 12. f3 b5 13. Bb1 Bb7 14. Qc2 c5 15. dxc5 Bxc5 16. Nd4 Rc8 17. Qf5 Ne5 18. b3 Qb6 19. Nce2 b4 20. g4 Ng6 21. Kh1 a5 22. g5 Re5 23. Qh3 Rxg5 24. f4 Rh5 25. Qf3 Nh4 26. Qg3 Ne4 27. Bxe4 dxe4 28. Rg1 Qh6 29. f5 Nxf5 30. Nxf5 Rxf5 31. Nf4 Rxf4 0-1

[Event "Australian-ch 2018"]
[Site "Sydney"]
[Date "2018.01.03"]
[Round "1"]
[White "O'Chee, Kevin"]
[Black "Lane, Gary W"]
[Result "1-0"]
[ECO "D03"]
[WhiteElo "2120"]
[BlackElo "2401"]
[Annotator "ChessBase"]
[PlyCount "171"]
[EventDate "2018.01.02"]
[EventType "tourn"]
[EventCountry "AUS"]
[SourceTitle "playchess.com"]
[Source "ChessBase"]
[SourceQuality "1"]
[TimeControl "40/5400+30:1800+30"]

1. d4 d5 2. Nf3 Nf6 3. Bg5 Ne4 4. Bf4 c5 5. dxc5 e6 6. Nbd2 Nxc5 7. e3 Nc6 8. Be2 Be7 9. O-O O-O 10. Nb3 Na4 11. Qc1 Qb6 12. h3 Bf6 13. c3 e5 14. Bg3 Be6 15. Rd1 Rac8 16. Rd2 d4 17. exd4 exd4 18. Nbxd4 Nxd4 19. Nxd4 Bd5 20. Qc2 Nc5 21. Bf3 Rfd8 22. Bxd5 Rxd5 23. Rad1 g6 24. Nb3 Rxd2 25. Rxd2 Ne6 26. Rd6 Qb5 27. Qe4 Re8 28. Qd5 Qe2 29. Qd2 Qb5 30. Rd7 Ng5 31. Rd5 Re1+ 32. Qxe1 Qxd5 33. Qd2 Qf5 34. Kh2 h5 35. Nd4 Qd5 36. Bf4 Ne4 37. Qe3 g5 38. Bb8 a6 39. f3 Nc5 40. a3 h4 41. f4 Nd7 42. Bc7 Nf8 43. Qf3 Qd7 44. Be5 Bd8 45. fxg5 Bxg5 46. Qf5 f6 47. Qxd7 Nxd7 48. Bd6 Bc1 49. b3 Bb2 50. Nf5 Kf7 51. Nxh4 Ke6 52. Bf4 Bxc3 53. Be3 f5 54. Nf3 Bb2 55. a4 Kd5 56. Kg3 Ke4 57. Kf2 f4 58. Nd2+ Kf5 59. Ba7 b6 60. Nc4 Bd4+ 61. Kf3 Bc5 62. a5 b5 63. Bxc5 bxc4 64. b4 c3 65. Bd4 c2 66. Bb2 Ne5+ 67. Ke2 Nc6 68. b5 axb5 69. a6 Ke4 70. Kd2 f3 71. gxf3+ Kxf3 72. Bc3 Kg3 73. Kxc2 Kxh3 74. Kd3 b4 75. Bb2 Kg4 76. Kc4 Kf5 77. Kc5 Na7 78. Kxb4 Ke6 79. Kc5 Kd7 80. Be5 Nc8 81. Bb8 Ke8 82. Kc6 Kd8 83. Kb7 Kd7 84. Be5 Kd8 85. Bf6+ Kd7 86. Be7 1-0

[Event "Australian-ch 2018"]
[Site "Sydney"]
[Date "2018.01.03"]
[Round "2"]
[White "Smirnov, Anton"]
[Black "Brown, Andrew"]
[Result "1-0"]
[ECO "C53"]
[WhiteElo "2527"]
[BlackElo "2293"]
[Annotator "ChessBase"]
[PlyCount "71"]
[EventDate "2018.01.02"]
[EventType "tourn"]
[EventCountry "AUS"]
[SourceTitle "playchess.com"]
[Source "ChessBase"]
[SourceQuality "1"]
[TimeControl "40/5400+30:1800+30"]

1. e4 e5 2. Nf3 Nc6 3. Bc4 Bc5 4. c3 Qe7 5. d4 Bb6 6. O-O Nf6 7. a4 a6 8. Re1 d6 9. h3 h6 10. Be3 g5 11. dxe5 dxe5 12. Bxb6 cxb6 13. Nh2 g4 14. hxg4 Rg8 15. Be2 Be6 16. Na3 Rd8 17. Qc1 Rd6 18. Nc2 Nxe4 19. Qe3 Nf6 20. Rad1 Nd5 21. Qf3 h5 22. gxh5 Nf4 23. Ne3 Nh3+ 24. Kf1 Ng5 25. Qg3 Kf8 26. Qh4 Rxd1 27. Rxd1 Qf6 28. Nf3 Nh7 29. b4 Qxh4 30. Nxh4 Rg5 31. g4 Nf6 32. Nhf5 Bxf5 33. Nxf5 Nxh5 34. b5 axb5 35. axb5 Rxf5 36. gxf5 1-0

[Event "Australian-ch 2018"]
[Site "Sydney"]
[Date "2018.01.03"]
[Round "2"]
[White "Illingworth, Max"]
[Black "Guichard, Pauline"]
[Result "1-0"]
[ECO "B00"]
[WhiteElo "2494"]
[BlackElo "2269"]
[Annotator "RC"]
[PlyCount "99"]
[EventDate "2018.01.02"]
[EventType "tourn"]
[EventCountry "AUS"]
[SourceTitle "playchess.com"]
[Source "ChessBase"]
[SourceQuality "1"]
[TimeControl "40/5400+30:1800+30"]

1. e4 d6 2. d4 g6 3. c4 Bg7 4. Nc3 e5 5. Nge2 Ne7 6. Be3 Nd7 7. h4 f5 8. f3 O-O 9. Qd2 f4 10. Bf2 a6 11. d5 Nf6 12. c5 dxc5 13. Bxc5 b6 14. Ba3 Ne8 15. b3 Nd6 16. O-O-O Kh8 17. Kb1 Ng8 18. Nc1 Nf6 19. Bd3 Bd7 20. Qf2 Nh5 21. N1e2 Rf7 22. Rc1 Bf8 23. Bb2 Bg7 24. Rc2 a5 25. Ka1 a4 26. b4 a3 27. Bc1 Bf6 28. Bd2 Ra7 29. Be1 Be8 30. Qg1 c5 31. bxc5 bxc5 32. Bf2 Nb7 33. Bb5 Ra5 34. Qb1 Nd6 35. Bxe8 Nxe8 36. Nc1 Ra8 37. Nb3 Rb7 38. Ne2 Be7 39. Qc1 Rb5 40. Nxc5 Nd6 41. Ne6 Qa5 42. Nc7 Rab8 43. Nxb5 Qxb5 44. Bc5 Nc4 45. Rxc4 Bxc5 46. Rxc5 Qxe2 47. Rc8+ Rxc8 48. Qxc8+ Kg7 49. Rb1 Nf6 50. Qc7+ 1-0

[Event "Australian-ch 2018"]
[Site "Sydney"]
[Date "2018.01.03"]
[Round "2"]
[White "Lane, Gary W"]
[Black "Parle, Hughston"]
[Result "1-0"]
[ECO "A00"]
[WhiteElo "2401"]
[BlackElo "1961"]
[Annotator "ChessBase"]
[PlyCount "69"]
[EventDate "2018.01.02"]
[EventType "tourn"]
[EventCountry "AUS"]
[SourceTitle "playchess.com"]
[Source "ChessBase"]
[SourceQuality "1"]
[TimeControl "40/5400+30:1800+30"]

1. e4 c5 2. Nf3 d6 3. d4 cxd4 4. Qxd4 Nc6 5. Bb5 Bd7 6. Bxc6 Bxc6 7. Nc3 Nf6 8. Bg5 e6 9. O-O-O Be7 10. Qd3 Qa5 11. Bd2 Ng4 12. Be1 Qb6 13. Nd4 Ne5 14. Qe2 Bg5+ 15. Kb1 a6 16. g3 Bf6 17. f4 Nd7 18. Bf2 Nc5 19. Rhe1 O-O-O 20. e5 dxe5 21. Nb3 exf4 22. Nxc5 f3 23. Qc4 Qc7 24. Nd3 b5 25. Qc5 Rd6 26. Nb4 Rhd8 27. Rxd6 Rxd6 28. Nxa6 Qd7 29. a3 Kd8 30. Qb6+ Ke8 31. Nc7+ Kf8 32. Bc5 f2 33. Rf1 Bd8 34. N3xb5 Bxc7 35. Qxc7 1-0

[Event "Australian-ch 2018"]
[Site "Sydney"]
[Date "2018.01.03"]
[Round "2"]
[White "Solomon, Stephen J"]
[Black "Yang, Ray"]
[Result "1-0"]
[ECO "A00"]
[WhiteElo "2365"]
[BlackElo "2003"]
[Annotator "ChessBase"]
[PlyCount "123"]
[EventDate "2018.01.02"]
[EventType "tourn"]
[EventCountry "AUS"]
[SourceTitle "playchess.com"]
[Source "ChessBase"]
[SourceQuality "1"]
[TimeControl "40/5400+30:1800+30"]

1. e4 e6 2. d4 d5 3. Nc3 Bb4 4. e5 c5 5. Bd2 Nh6 6. a3 Bxc3 7. Bxc3 cxd4 8. Bxd4 Nc6 9. c3 Nf5 10. Nf3 Nfxd4 11. cxd4 Bd7 12. b4 O-O 13. Bd3 f5 14. exf6 Qxf6 15. O-O a6 16. Qd2 Be8 17. Rfe1 h6 18. Qe3 Bh5 19. Ne5 Nxe5 20. dxe5 Qf7 21. Rac1 Rac8 22. g3 Bf3 23. Rxc8 Rxc8 24. Rc1 Rxc1+ 25. Qxc1 g5 26. Kf1 Kg7 27. Ke1 Bh5 28. f4 gxf4 29. Qxf4 Qxf4 30. gxf4 Bg6 31. Be2 Bf5 32. h4 Kg6 33. h5+ Kf7 34. Kd2 Ke7 35. Kc3 Kd7 36. a4 Kc6 37. a5 Bh3 38. b5+ axb5 39. Kb4 Kc7 40. Kxb5 Bf5 41. Kc5 Bh3 42. Bd3 Bg4 43. Bg6 Bf3 44. f5 Kd7 45. f6 Be2 46. Kb6 d4 47. Bc2 Bf3 48. Bd3 Ke8 49. Kc7 Bxh5 50. Be4 Be2 51. Bxb7 d3 52. a6 d2 53. a7 d1=Q 54. a8=Q+ Kf7 55. Bc6 Kg6 56. Qg8+ Kh5 57. f7 Qa1 58. f8=Q Qa7+ 59. Kd8 Qb8+ 60. Ke7 Qb4+ 61. Kf7 Qf4+ 62. Ke8 1-0

[Event "Australian-ch 2018"]
[Site "Sydney"]
[Date "2018.01.03"]
[Round "2"]
[White "Zhang, Jilin"]
[Black "Huynh, Arthur"]
[Result "1-0"]
[ECO "C45"]
[WhiteElo "2267"]
[BlackElo "2042"]
[Annotator "ChessBase"]
[PlyCount "75"]
[EventDate "2018.01.02"]
[EventType "tourn"]
[EventCountry "AUS"]
[SourceTitle "playchess.com"]
[Source "ChessBase"]
[SourceQuality "1"]
[TimeControl "40/5400+30:1800+30"]

1. e4 e5 2. Nf3 Nc6 3. d4 exd4 4. Nxd4 Nf6 5. Nxc6 bxc6 6. e5 Qe7 7. Qe2 Nd5 8. c4 Ba6 9. b3 g6 10. Bb2 Bg7 11. g3 O-O 12. Bg2 Rae8 13. O-O Bxe5 14. Qxe5 Qxe5 15. Bxe5 Rxe5 16. cxd5 Bxf1 17. Kxf1 cxd5 18. Nc3 c6 19. Rd1 Rfe8 20. Bf3 f5 21. Na4 Kf7 22. Nc5 R5e7 23. Rc1 Rb8 24. Nd3 Rb6 25. Rc5 Ke8 26. h3 Kd8 27. Ra5 d6 28. Ra4 Rbb7 29. Ra6 Rb6 30. Ra4 Rbb7 31. b4 Kc7 32. Ra6 Re8 33. a4 Ra8 34. b5 Rb6 35. Ra5 cxb5 36. Bxd5 Rab8 37. Rxa7+ Kd8 38. a5 1-0

[Event "Australian-ch 2018"]
[Site "Sydney"]
[Date "2018.01.03"]
[Round "2"]
[White "Nakauchi, Gene"]
[Black "Morris, James"]
[Result "0-1"]
[ECO "C41"]
[WhiteElo "2208"]
[BlackElo "2477"]
[Annotator "RC"]
[PlyCount "96"]
[EventDate "2018.01.02"]
[EventType "tourn"]
[EventCountry "AUS"]
[SourceTitle "playchess.com"]
[Source "ChessBase"]
[SourceQuality "1"]
[TimeControl "40/5400+30:1800+30"]

1. e4 e5 2. Nf3 d6 3. d4 Nd7 4. Bc4 exd4 5. Qxd4 Ngf6 6. Nc3 Be7 7. Bxf7+ Kxf7 8. Ng5+ Ke8 9. Ne6 c5 10. Qd1 Qb6 11. Nxg7+ Kf7 12. Nf5 Ne5 13. Nxe7 Kxe7 14. Bg5 Be6 15. f4 Nf7 16. e5 dxe5 17. fxe5 Nxg5 18. exf6+ Kf8 19. Qd2 Nf7 20. O-O-O Rg8 21. Rde1 Qc6 22. Rhf1 Re8 23. Rf2 Qd6 24. Qe3 Bd7 25. Ne4 Qd4 26. Qf3 Bc6 27. c3 Rxe4 28. cxd4 Rxe1+ 29. Kd2 Bxf3 30. Kxe1 Bc6 31. dxc5 Rxg2 32. Rxg2 Bxg2 33. Kf2 Bd5 34. Ke3 Bxa2 35. Kf4 Ke8 36. b4 Kd7 37. b5 Bc4 38. c6+ bxc6 39. bxc6+ Kxc6 40. Ke3 Kd5 41. Kd2 Kd4 42. Kc2 a5 43. Kb2 a4 44. h4 Bb3 45. h5 Kc4 46. h6 Nxh6 47. Ka3 Nf7 48. Kb2 h5 0-1

[Event "Australian-ch 2018"]
[Site "Sydney"]
[Date "2018.01.03"]
[Round "2"]
[White "Loh, Zachary"]
[Black "Willathgamuwa, Rowan"]
[Result "1-0"]
[ECO "A00"]
[WhiteElo "2193"]
[BlackElo "1980"]
[Annotator "ChessBase"]
[PlyCount "45"]
[EventDate "2018.01.02"]
[EventType "tourn"]
[EventCountry "AUS"]
[SourceTitle "playchess.com"]
[Source "ChessBase"]
[SourceQuality "1"]
[TimeControl "40/5400+30:1800+30"]

1. e4 c5 2. d4 cxd4 3. c3 dxc3 4. Nxc3 Nc6 5. Bc4 d6 6. Nf3 a6 7. O-O Nf6 8. Bf4 Bg4 9. h3 Bh5 10. g4 Bg6 11. Qe2 e6 12. Rfd1 Qc7 13. e5 dxe5 14. Nxe5 Qb6 15. Nd7 Nxd7 16. Bxe6 O-O-O 17. Na4 Qb4 18. Bxd7+ Rxd7 19. Qe8+ Rd8 20. Rxd8+ Nxd8 21. Rc1+ Bc5 22. Qe5 Ne6 23. Rxc5+ 1-0

[Event "Australian-ch 2018"]
[Site "Sydney"]
[Date "2018.01.03"]
[Round "2"]
[White "McNamara, Gary"]
[Black "Silver, Dmitri"]
[Result "1-0"]
[ECO "A00"]
[WhiteElo "2134"]
[BlackElo "1905"]
[Annotator "ChessBase"]
[PlyCount "113"]
[EventDate "2018.01.02"]
[EventType "tourn"]
[EventCountry "AUS"]
[SourceTitle "playchess.com"]
[Source "ChessBase"]
[SourceQuality "1"]
[TimeControl "40/5400+30:1800+30"]

1. e4 c5 2. Nf3 d6 3. c3 e6 4. d4 cxd4 5. cxd4 Nf6 6. Nc3 a6 7. Bd3 Be7 8. h3 d5 9. e5 Nfd7 10. Qc2 Nc6 11. a3 Qb6 12. Ne2 Nf8 13. Be3 Bd7 14. b4 Rc8 15. Qb2 Ng6 16. Rb1 Na7 17. Nc3 O-O 18. h4 Rfd8 19. h5 Nf8 20. g4 Bb5 21. Nxb5 Nxb5 22. g5 Rc7 23. O-O Rdc8 24. Rfc1 g6 25. h6 Nd7 26. Rxc7 Rxc7 27. Bd2 Rc8 28. a4 Na7 29. b5 axb5 30. axb5 Qd8 31. Ra1 Ra8 32. Ra2 b6 33. Qa1 Qc7 34. Ne1 Kf8 35. f4 Ke8 36. Kf2 Kd8 37. Kf3 Qb7 38. Nc2 Nb8 39. Ke3 Qd7 40. Ra4 Qb7 41. Qa2 Kd7 42. Kf2 Kd8 43. Ne3 Nd7 44. Be2 Kc8 45. Bf3 Kb8 46. Nxd5 exd5 47. Bxd5 Qc7 48. Bf3 Nc5 49. dxc5 Bxc5+ 50. Kg2 Qd7 51. Bb4 Qd4 52. Bxc5 Qxc5 53. Qxf7 Qc8 54. Qd5 Nc6 55. Rxa8+ Kxa8 56. Qxc6+ Ka7 57. Qa8+ 1-0

[Event "Australian-ch 2018"]
[Site "Sydney"]
[Date "2018.01.03"]
[Round "2"]
[White "Wright, Neil S"]
[Black "Kethro, Michael"]
[Result "1-0"]
[ECO "A00"]
[WhiteElo "2126"]
[BlackElo "2195"]
[Annotator "ChessBase"]
[PlyCount "83"]
[EventDate "2018.01.02"]
[EventType "tourn"]
[EventCountry "AUS"]
[SourceTitle "playchess.com"]
[Source "ChessBase"]
[SourceQuality "1"]
[TimeControl "40/5400+30:1800+30"]

1. e4 c5 2. d4 cxd4 3. c3 Nf6 4. e5 Nd5 5. Nf3 Nc6 6. Bc4 e6 7. O-O Be7 8. Nxd4 Nb6 9. Nxc6 bxc6 10. Bd3 d5 11. Qg4 g6 12. Bh6 Qc7 13. Re1 Bb7 14. Qf4 Bf8 15. Bg5 Nd7 16. Nd2 Bg7 17. Nf3 h6 18. Bh4 g5 19. Nxg5 hxg5 20. Qxg5 Rxh4 21. Qxh4 Bxe5 22. f4 Bf6 23. Qh7 Qxf4 24. Re2 O-O-O 25. Rf1 Qh4 26. Qxf7 Be5 27. Rxe5 Nxe5 28. Qxe6+ Nd7 29. Rf7 Kb8 30. Rxd7 Rxd7 31. Qxd7 Qe1+ 32. Bf1 Qe3+ 33. Kh1 Qf4 34. Qe8+ Kc7 35. Qe7+ Kb8 36. Qe2 Bc8 37. Kg1 Bg4 38. Qd3 Kb7 39. Qa6+ Kc7 40. Qxa7+ Kc8 41. Qd4 Qg5 42. a4 1-0

[Event "Australian-ch 2018"]
[Site "Sydney"]
[Date "2018.01.03"]
[Round "2"]
[White "Willathgamuwa, Kevin"]
[Black "Kargosha, Bahman"]
[Result "1/2-1/2"]
[ECO "A00"]
[WhiteElo "2113"]
[BlackElo "2210"]
[Annotator "ChessBase"]
[PlyCount "75"]
[EventDate "2018.01.02"]
[EventType "tourn"]
[EventCountry "AUS"]
[SourceTitle "playchess.com"]
[Source "ChessBase"]
[SourceQuality "1"]
[TimeControl "40/5400+30:1800+30"]

1. e4 e5 2. Nf3 Nc6 3. d4 exd4 4. Bc4 Nf6 5. e5 d5 6. Bb5 Ne4 7. Nxd4 Bc5 8. O-O O-O 9. Bxc6 bxc6 10. f3 Ba6 11. Re1 f6 12. Be3 fxe5 13. Ne6 Bxe3+ 14. Rxe3 Qe7 15. Nxf8 Qc5 16. Qe1 Rxf8 17. Nd2 Nd6 18. Kh1 e4 19. fxe4 dxe4 20. Nxe4 Nxe4 21. Rxe4 Rf1+ 22. Qxf1 Bxf1 23. Rxf1 h6 24. c4 Qa5 25. a3 Qd2 26. b4 Qd3 27. Rfe1 Qxa3 28. c5 a5 29. bxa5 Qxa5 30. Re5 Qb4 31. h3 Qf4 32. R1e4 Qc1+ 33. Kh2 g5 34. Re8+ Kg7 35. R4e7+ Kf6 36. Re6+ Kf7 37. R6e7+ Kf6 38. Re6+ 1/2-1/2

[Event "Australian-ch 2018"]
[Site "Sydney"]
[Date "2018.01.03"]
[Round "2"]
[White "Winkelman, Albert"]
[Black "Xie, George Wendi"]
[Result "0-1"]
[ECO "B34"]
[WhiteElo "2017"]
[BlackElo "2369"]
[Annotator "ChessBase"]
[PlyCount "88"]
[EventDate "2018.01.02"]
[EventType "tourn"]
[EventCountry "AUS"]
[SourceTitle "playchess.com"]
[Source "ChessBase"]
[SourceQuality "1"]
[TimeControl "40/5400+30:1800+30"]

1. e4 c5 2. Nf3 Nc6 3. d4 cxd4 4. Nxd4 Nf6 5. Nc3 e5 6. Ndb5 Bb4 7. Bg5 Qa5 8. Bxf6 gxf6 9. a3 Bxc3+ 10. Nxc3 Nd4 11. Bc4 Qc5 12. Bd5 d6 13. O-O h5 14. Ne2 Bg4 15. Re1 Rg8 16. c3 Nxe2+ 17. Rxe2 Bf3 18. g3 Bxe2 19. Qxe2 Rg5 20. b4 Qb6 21. Qc4 Rg7 22. a4 Rb8 23. Qe2 h4 24. a5 Qc7 25. Qe3 hxg3 26. fxg3 Ke7 27. c4 a6 28. Rf1 Rg6 29. Qa7 Kf8 30. Rf5 Rh6 31. Rf2 Kg7 32. Rf1 Qc8 33. Rf2 Rh8 34. Rf5 Qd7 35. Qb6 Rbc8 36. Qa7 Rh6 37. Rf2 Rh5 38. Qb6 Rc7 39. c5 f5 40. exf5 dxc5 41. f6+ Kg8 42. bxc5 e4 43. Bxe4 Rcxc5 44. Qa7 Qd1+ 0-1

[Event "Australian-ch 2018"]
[Site "Sydney"]
[Date "2018.01.03"]
[Round "2"]
[White "Hardegen, Andrew"]
[Black "Ferozkohi, Ihsan"]
[Result "0-1"]
[ECO "A00"]
[WhiteElo "1999"]
[BlackElo "2130"]
[Annotator "ChessBase"]
[PlyCount "52"]
[EventDate "2018.01.02"]
[EventType "tourn"]
[EventCountry "AUS"]
[SourceTitle "playchess.com"]
[Source "ChessBase"]
[SourceQuality "1"]
[TimeControl "40/5400+30:1800+30"]

1. d4 Nf6 2. c4 e6 3. Nc3 d5 4. Nf3 Bd6 5. c5 Be7 6. Bf4 O-O 7. e3 a5 8. a3 Nc6 9. Qc2 b6 10. Nb5 bxc5 11. Bxc7 Qd7 12. dxc5 Ne4 13. Rc1 Ba6 14. Bd6 Rfc8 15. Qa4 Na7 16. Bxe7 Nxb5 17. b4 axb4 18. axb4 Qb7 19. Bh4 Nbc3 20. Qb3 Bxf1 21. Rxf1 Rxc5 22. Nd4 Rc4 23. f3 Rxb4 24. Rxc3 Rxb3 25. Rxb3 Ra1+ 26. Ke2 Qa6+ 0-1

[Event "Australian-ch 2018"]
[Site "Sydney"]
[Date "2018.01.03"]
[Round "2"]
[White "Asaka, Samuel"]
[Black "Clarke, Brandon G I"]
[Result "1-0"]
[ECO "A00"]
[WhiteElo "1959"]
[BlackElo "2360"]
[Annotator "ChessBase"]
[PlyCount "43"]
[EventDate "2018.01.02"]
[EventType "tourn"]
[EventCountry "AUS"]
[SourceTitle "playchess.com"]
[Source "ChessBase"]
[SourceQuality "1"]
[TimeControl "40/5400+30:1800+30"]

1. d4 Nf6 2. c4 g6 3. Nc3 Bg7 4. e4 d6 5. Be2 O-O 6. Be3 e5 7. d5 Na6 8. g4 Nc5 9. f3 a5 10. h4 Ne8 11. h5 f5 12. hxg6 hxg6 13. gxf5 gxf5 14. Nh3 Qh4+ 15. Kd2 Qe7 16. Qg1 Nf6 17. Ng5 f4 18. Bf2 Ng4 19. Nh7 Nxf2 20. Qxf2 Rf7 21. Rag1 Nd7 22. Qh2 1-0

[Event "Australian-ch 2018"]
[Site "Sydney"]
[Date "2018.01.03"]
[Round "3"]
[White "Cheng, Bobby"]
[Black "McNamara, Gary"]
[Result "1-0"]
[ECO "A01"]
[WhiteElo "2504"]
[BlackElo "2134"]
[Annotator "ChessBase"]
[PlyCount "51"]
[EventDate "2018.01.02"]
[EventType "tourn"]
[EventCountry "AUS"]
[SourceTitle "playchess.com"]
[Source "ChessBase"]
[SourceQuality "1"]
[TimeControl "40/5400+30:1800+30"]

1. b3 Nf6 2. Bb2 b6 3. d3 d5 4. g3 Bb7 5. Bg2 g6 6. e4 dxe4 7. Nd2 Rg8 8. dxe4 a5 9. Qe2 a4 10. Ngf3 Nfd7 11. O-O Na6 12. Rfd1 Qc8 13. Bh3 e6 14. Ng5 Bg7 15. Qf3 f5 16. Bxg7 Rxg7 17. Qc3 Re7 18. exf5 gxf5 19. Re1 Nf8 20. Bxf5 Nc5 21. b4 exf5 22. Rxe7+ Kxe7 23. bxc5 bxc5 24. Re1+ Kd6 25. Qf6+ Kd5 26. c4# 1-0

[Event "Australian-ch 2018"]
[Site "Sydney"]
[Date "2018.01.03"]
[Round "3"]
[White "Izzat, Kanan"]
[Black "Dale, Ari"]
[Result "0-1"]
[ECO "E90"]
[WhiteElo "2487"]
[BlackElo "2356"]
[Annotator "ChessBase"]
[PlyCount "74"]
[EventDate "2018.01.02"]
[EventType "tourn"]
[EventCountry "AUS"]
[SourceTitle "playchess.com"]
[Source "ChessBase"]
[SourceQuality "1"]
[TimeControl "40/5400+30:1800+30"]

1. d4 Nf6 2. c4 g6 3. Nc3 Bg7 4. e4 d6 5. Nf3 O-O 6. h3 e5 7. d5 a5 8. Be3 Na6 9. g4 Nc5 10. Nd2 Ne8 11. Be2 f5 12. exf5 gxf5 13. Qc2 Na6 14. gxf5 Nb4 15. Qb1 Bxf5 16. Nde4 Nf6 17. Bf3 c6 18. a3 cxd5 19. cxd5 Nfxd5 20. axb4 Nxe3 21. fxe3 d5 22. Nxd5 Be6 23. Qd1 Qh4+ 24. Nf2 e4 25. Nf4 Rad8 26. Qc2 Rxf4 27. exf4 exf3 28. Rg1 Qxf4 29. Qc3 Rd4 30. Rxa5 Kf7 31. Rxg7+ Kxg7 32. Rc5 Kg6 33. h4 Bd5 34. h5+ Kh6 35. Kf1 b6 36. Nd3 Qe3 37. Nc1 Rd1+ 0-1

[Event "Australian-ch 2018"]
[Site "Sydney"]
[Date "2018.01.03"]
[Round "3"]
[White "Morris, James"]
[Black "Illingworth, Max"]
[Result "0-1"]
[ECO "B91"]
[WhiteElo "2477"]
[BlackElo "2494"]
[Annotator "ChessBase"]
[PlyCount "88"]
[EventDate "2018.01.02"]
[EventType "tourn"]
[EventCountry "AUS"]
[SourceTitle "playchess.com"]
[Source "ChessBase"]
[SourceQuality "1"]
[TimeControl "40/5400+30:1800+30"]

1. e4 c5 2. Nf3 d6 3. d4 cxd4 4. Nxd4 Nf6 5. Nc3 a6 6. g3 g6 7. Bg2 Bg7 8. O-O O-O 9. Re1 Nc6 10. Nde2 Rb8 11. Nf4 b5 12. Ncd5 Nd7 13. c3 e6 14. Ne3 Qc7 15. Bd2 a5 16. Rc1 Ba6 17. h4 Nce5 18. Bf1 Nc5 19. f3 Qa7 20. Qe2 b4 21. Qf2 Bxf1 22. Qxf1 bxc3 23. Bxc3 Na4 24. Qf2 Nxb2 25. Qe2 Nbc4 26. Bxe5 Nxe5 27. Kg2 Rfc8 28. a4 Nc6 29. Qd3 Nd4 30. Ne2 h5 31. Nxd4 Bxd4 32. Nc4 d5 33. exd5 exd5 34. Na3 Rb2+ 35. Rc2 Rc3 36. Qd2 Rcxc2 37. Nxc2 Qc5 38. Re2 Qc4 39. Kf1 Bc3 40. Qd1 Qxa4 41. Qd3 Bg7 42. Ne3 Qa1+ 43. Re1 Qa2 44. Qxd5 Rf2+ 0-1

[Event "Australian-ch 2018"]
[Site "Sydney"]
[Date "2018.01.03"]
[Round "3"]
[White "Xie, George Wendi"]
[Black "Zhang, Jilin"]
[Result "1-0"]
[ECO "B24"]
[WhiteElo "2369"]
[BlackElo "2267"]
[Annotator "ChessBase"]
[PlyCount "87"]
[EventDate "2018.01.02"]
[EventType "tourn"]
[EventCountry "AUS"]
[SourceTitle "playchess.com"]
[Source "ChessBase"]
[SourceQuality "1"]
[TimeControl "40/5400+30:1800+30"]

1. e4 c5 2. Nc3 Nc6 3. Bb5 g6 4. Bxc6 dxc6 5. d3 Bg7 6. Be3 b6 7. Qd2 e5 8. f4 exf4 9. Bxf4 Nf6 10. Nf3 O-O 11. Bh6 Qe7 12. O-O-O Be6 13. h3 b5 14. e5 Nd7 15. Bxg7 Kxg7 16. d4 Rad8 17. Ne4 cxd4 18. Qxd4 Nb6 19. Nd6 Nc4 20. b3 Nxd6 21. exd6+ Qf6 22. Ne5 Bd5 23. Rhf1 Qg5+ 24. Kb1 f6 25. Qxa7+ Kg8 26. Ng4 Rxd6 27. Rfe1 Re6 28. Qd7 Rxe1 29. Rxe1 h5 30. Re7 Bf7 31. Nf2 Qxg2 32. Ne4 Qf1+ 33. Kb2 Qf5 34. Qxc6 b4 35. Qb7 Qf4 36. Qxb4 Bd5 37. Qd4 Bxe4 38. Qc4+ Kh8 39. Rxe4 Qd6 40. a4 Kg7 41. a5 f5 42. Re6 Qd7 43. a6 Rf7 44. Rb6 1-0

[Event "Australian-ch 2018"]
[Site "Sydney"]
[Date "2018.01.03"]
[Round "3"]
[White "O'Connell, Kevin J"]
[Black "Clarke, Brandon G I"]
[Result "0-1"]
[ECO "A00"]
[WhiteElo "2328"]
[BlackElo "2360"]
[Annotator "ChessBase"]
[PlyCount "84"]
[EventDate "2018.01.02"]
[EventType "tourn"]
[EventCountry "AUS"]
[SourceTitle "playchess.com"]
[Source "ChessBase"]
[SourceQuality "1"]
[TimeControl "40/5400+30:1800+30"]

1. d4 Nf6 2. Nf3 g6 3. Bf4 Bg7 4. e3 c5 5. c3 b6 6. h3 Bb7 7. Be2 O-O 8. O-O d5 9. Qb3 Nfd7 10. a4 Nc6 11. a5 c4 12. Qb5 a6 13. Qxd5 Nxa5 14. Qg5 Nb3 15. Ra3 b5 16. Nbd2 h6 17. Qg3 Nxd2 18. Nxd2 e5 19. dxe5 g5 20. Bf3 Bxf3 21. Nxf3 gxf4 22. exf4 Nc5 23. Nd4 Kh7 24. Nf5 Rg8 25. Qf3 Qd3 26. Qh5 Qd7 27. Nd6 Raf8 28. Rd1 Qe6 29. Qe2 f6 30. Qe3 Na4 31. Qe4+ f5 32. Qe2 Rd8 33. Qc2 Bf8 34. g4 Bxd6 35. exd6 Kh8 36. f3 fxg4 37. fxg4 Rxg4+ 38. hxg4 Qxg4+ 39. Kh2 Qh5+ 40. Kg2 Rg8+ 41. Kf1 Qf3+ 42. Ke1 Re8+ 0-1